[Event "Titled Tuesday Blitz August 31 2021"]
[White "Petriashvili, Nikoloz"]
[Black "Mokshanov, Alexey"]
[WhiteFideId "13611216"]
[BlackFideId "24121657"]
[WhiteElo "2430"]
[BlackElo "2262"]
[Result "1-0"]
[Round "03"]
[TimeControl "180+1"]
[Date "2021.08.31"]
[WhiteClock "0:00:14"]
[BlackClock "0:00:02"]

1. e4 e6 2. d4 d5 3. Nd2 Nf6 4. e5 Nfd7 5. Bd3 c5 6. c3 Nc6 7. Ngf3 Qb6 8. Qb3 Qxb3 9. axb3 cxd4 10. cxd4 Nb4 11. Bb1 Nb6 12. O-O Bd7 13. Re1 Bb5 14. Nf1 a6 15. Bd2 Rc8 16. Bc3 Be7 17. Ne3 h6 18. Nc2 Nd3 19. Rd1 Nf4 20. Kh1 Be2 21. Rd2 Bxf3 22. gxf3 O-O 23. Ne3 f6 24. exf6 Bxf6 25. Ng2 Bg5 26. Nxf4 Rxf4 27. Rd3 Rh4 28. Kg2 Nd7 29. Bc2 Nf8 30. Rdd1 Kf7 31. h3 Ng6 32. Bxg6+ Kxg6 33. Re1 Kf7 34. Re2 Bf6 35. Rd1 Ke7 36. Kg3 g5 37. Bb4+ Kd7 38. Bc5 Rc6 39. Red2 Bd8 40. Kg2 Ba5 41. Re2 Bd8 42. Bf8 Bf6 43. Red2 Rc8 44. Bc5 Rc6 45. Rd3 Rc8 46. Bb4 Rc6 47. Bd2 Be7 48. Be3 Bd6 49. Rc3 Rc8 50. Rdc1 Rf8 51. R3c2 Rf7 52. Rc8 1-0


[Site "https://www.chess.com"]

[Event "Titled Tuesday Blitz August 31 2021"]
[White "Pridorozhni, Aleksei"]
[Black "Borsuk, Konstantin"]
[WhiteFideId "4127870"]
[BlackFideId "14113406"]
[WhiteElo "2565"]
[BlackElo "2382"]
[Result "1-0"]
[Round "03"]
[TimeControl "180+1"]
[Date "2021.08.31"]
[WhiteClock "0:00:11"]
[BlackClock "0:00:04"]

1. e4 e6 2. d4 d5 3. Nd2 Nf6 4. e5 Nfd7 5. f4 c5 6. c3 Nc6 7. Ndf3 cxd4 8. cxd4 Bb4+ 9. Bd2 Qb6 10. Bxb4 Qxb4+ 11. Qd2 a5 12. a3 Qb6 13. Ne2 Qd8 14. Nc3 Nb6 15. Bd3 a4 16. O-O Na5 17. Qf2 g6 18. Nb5 Nbc4 19. Bxc4 Nxc4 20. Nd2 Bd7 21. Nxc4 dxc4 22. Nd6+ Kf8 23. Nxc4 Bb5 24. Rfc1 Bxc4 25. Rxc4 Kg7 26. Rac1 h5 27. Qf3 b5 28. Rb4 Rc8 29. Rxc8 Qxc8 30. h3 Qc1+ 31. Kh2 Rc8 32. Rxb5 Rc2 33. Rc5 Qxb2 34. Rxc2 Qxc2 35. d5 exd5 36. Qxd5 Qc1 37. Qf3 Qb2 38. Kg3 Qd4 39. h4 Qb2 40. Qe3 Qb3 41. Kf3 Qd5+ 42. Kf2 Qa2+ 43. Kg3 Qb3 44. Qf3 Qc4 45. Kh2 Qb3 46. Qg3 Kf8 47. Qh3 Ke7 48. Qg3 Kd7 49. Qf2 Kc6 50. Qa7 Kb5 51. Qb7+ Kc5 52. Qe7+ Kd4 53. Qf6 Kd3 54. f5 gxf5 55. Qxf5+ Kd4 56. Qxh5 Qxa3 57. Qxf7 Kxe5 58. h5 Qd6 59. Qg7+ Ke4+ 60. Kh3 Qe6+ 61. g4 a3 62. h6 Qe5 63. Qxe5+ 1-0


[Site "https://www.chess.com"]

[Event "Titled Tuesday Blitz August 31 2021"]
[White "Quintiliano Pinto, Renato R."]
[Black "Richter, Nils"]
[WhiteFideId "2117568"]
[BlackFideId "12990809"]
[WhiteElo "2439"]
[BlackElo "2289"]
[Result "1/2-1/2"]
[Round "03"]
[TimeControl "180+1"]
[Date "2021.08.31"]
[WhiteClock "0:00:10"]
[BlackClock "0:00:59"]

1. Nf3 Nf6 2. c4 b6 3. Nc3 Bb7 4. g3 Bxf3 5. exf3 c5 6. d4 cxd4 7. Qxd4 Nc6 8. Qd1 e6 9. Bg2 Bb4 10. Bd2 O-O 11. O-O d5 12. f4 Rc8 13. cxd5 Nxd5 14. Nxd5 exd5 15. Bxb4 Nxb4 16. a3 Na6 17. Bxd5 Nc5 18. b4 Nd7 19. Qb3 Nf6 20. Rad1 Nxd5 21. Rxd5 Qe7 22. Rfd1 Rfd8 23. Qf3 h6 24. Kg2 Rxd5 25. Rxd5 Rd8 26. Rxd8+ Qxd8 27. Qb7 a5 28. b5 Qd4 29. Qc6 f6 30. h4 Kh8 31. h5 Kg8 32. Qc8+ Kh7 33. Qf5+ Kh8 34. Qe6 Qc5 35. Qe8+ Kh7 36. Qg6+ Kh8 37. Qd3 Kg8 38. g4 Kh8 39. Kg3 Kg8 40. Qd8+ Kh7 41. Qd3+ Kh8 42. a4 Kg8 43. Qb3+ Kh8 44. Qe3 Qd6 45. Qe8+ Kh7 46. Qc6 Qd4 47. Qc2+ Kh8 48. Qb3 Kh7 49. Qe3 Qd6 50. Qe4+ Kh8 51. Kh4 Qc5 52. Kg3 Qd6 53. Qe3 Kg8 54. Qc3 Kh8 55. Qc6 Qd4 56. Qe8+ Kh7 57. Qg6+ Kh8 58. f3 Qg1+ 59. Kh3 Qh1+ 60. Kg3 Qg1+ 61. Kh3 Qh1+ 62. Kg3 Qg1+ 1/2-1/2


[Site "https://www.chess.com"]

[Event "Titled Tuesday Blitz August 31 2021"]
[White "Quispe Arteaga, Gabriel"]
[Black "Malka, Samuel"]
[WhiteFideId "32059809"]
[BlackFideId "20643675"]
[WhiteElo "2172"]
[BlackElo "2445"]
[Result "1-0"]
[Round "03"]
[TimeControl "180+1"]
[Date "2021.08.31"]
[WhiteClock "0:00:23"]
[BlackClock "0:00:15"]

1. c4 Nf6 2. Nc3 g6 3. e4 d6 4. d4 Bg7 5. Be2 O-O 6. Be3 c5 7. d5 b5 8. cxb5 a6 9. Nf3 Qa5 10. O-O axb5 11. e5 Ng4 12. exd6 Nxe3 13. fxe3 exd6 14. Nxb5 Bxb2 15. Rb1 Bg7 16. Nxd6 Qxa2 17. Bc4 Qa3 18. Rb3 Qa4 19. Ng5 Nd7 20. Bb5 Qa1 21. Qxa1 Rxa1 22. Rxa1 Bxa1 23. Nxc8 Nf6 24. Ne7+ Kg7 25. Bc4 Rd8 26. Nc6 Rd7 27. Nf3 Ng4 28. h3 Nh6 29. Nfe5 Rd6 30. Rb7 Kf6 31. Nd7+ Kf5 32. Nxc5 f6 33. g4+ Kg5 34. Ne4+ Kh4 35. Nxd6 1-0


[Site "https://www.chess.com"]

[Event "Titled Tuesday Blitz August 31 2021"]
[White "Rakhmanov, Aleksandr"]
[Black "Viani Antonio Dcunha"]
[WhiteFideId "4173708"]
[BlackFideId "5027330"]
[WhiteElo "2498"]
[BlackElo "2366"]
[Result "1/2-1/2"]
[Round "03"]
[TimeControl "180+1"]
[Date "2021.08.31"]
[WhiteClock "0:00:14"]
[BlackClock "0:00:14"]

1. c4 e5 2. Nf3 Nc6 3. d4 exd4 4. Nxd4 Nf6 5. Nxc6 bxc6 6. g3 d5 7. Bg2 Be6 8. O-O Be7 9. Nc3 O-O 10. cxd5 cxd5 11. Bg5 Rb8 12. b3 h6 13. Bxf6 Bxf6 14. Rc1 c6 15. e4 Qa5 16. Na4 dxe4 17. Bxe4 Rfd8 18. Qf3 Rd2 19. Nc5 Bh3 20. Rfd1 Qxa2 21. Rxd2 Qxd2 22. Rd1 Qg5 23. Qe3 Qxe3 24. fxe3 Be7 25. Rc1 Rb5 26. Nd3 Rxb3 27. Rxc6 a5 28. Rc7 Bg5 29. Kf2 Be6 30. Ra7 Rb8 31. Rxa5 Re8 32. Nf4 Bd7 33. Bd5 Bxf4 34. gxf4 Be6 35. Bxe6 Rxe6 36. Kf3 g6 37. h4 h5 38. f5 Re8 39. Kf4 Kg7 40. e4 Re7 41. Ra6 f6 42. fxg6 Kxg6 43. Ra5 Re6 44. Rb5 Re7 45. e5 Rxe5 46. Rxe5 fxe5+ 47. Kxe5 Kh6 48. Kf5 Kh7 49. Kg5 Kh8 50. Kxh5 Kg8 51. Kh6 Kh8 52. h5 Kg8 53. Kg6 Kh8 54. h6 Kg8 55. h7+ Kh8 56. Kh6 1/2-1/2


[Site "https://www.chess.com"]

[Event "Titled Tuesday Blitz August 31 2021"]
[White "Rodriguez Hernandez, Luis Daniel"]
[Black "Odegov, Artem"]
[WhiteFideId "3506770"]
[BlackFideId "34183644"]
[WhiteElo "2133"]
[BlackElo "2257"]
[Result "1-0"]
[Round "03"]
[TimeControl "180+1"]
[Date "2021.08.31"]
[WhiteClock "0:00:05"]
[BlackClock "0:00:06"]

1. e4 e6 2. d4 d5 3. Nd2 Nf6 4. e5 Nfd7 5. Bd3 c5 6. c3 Nc6 7. Ne2 cxd4 8. cxd4 f6 9. Nf4 Nxd4 10. Qh5+ Ke7 11. exf6+ Nxf6 12. Ng6+ hxg6 13. Qxh8 Kf7 14. O-O e5 15. Nb3 Nxb3 16. axb3 Bf5 17. Bxf5 gxf5 18. Bg5 Bc5 19. Qh3 Qd7 20. b4 Bb6 21. Rad1 d4 22. Rfe1 Re8 23. Bxf6 Kxf6 24. Qh4+ Kf7 25. g4 Kg8 26. Qh5 Qf7 27. Qg5 e4 28. gxf5 Re5 29. Qg6 Qxg6+ 30. fxg6 Kf8 31. Rc1 Ke7 32. Rc8 Kf6 33. Rb8 Kxg6 34. Rxb7 d3 35. Rd7 e3 36. fxe3 d2 37. Rxd2 Bxe3+ 38. Kh1 Bxd2 39. Rxe5 Bxb4 40. Kg2 Bd2 41. Re6+ Kh7 42. Re7 a5 43. Re5 Bb4 44. Kf3 Kg6 45. Kg4 Kf6 46. Rb5 Kg6 47. Rb6+ Kh7 48. Kf5 Bc5 49. Rb5 Bb4 50. h3 Kh6 51. Rb7 Bc5 52. Rc7 Bb4 53. Rc6+ Kh7 54. Kg4 Kh8 55. Kh5 Kh7 56. h4 Bd2 57. Rd6 Bb4 58. Ra6 Bd2 59. Kg4 Bb4 60. Kf5 Bd2 61. Ke6 Bb4 62. Kf7 Bd2 63. Rg6 Bh6 64. Rg2 Kh8 65. Re2 Kh7 66. Rf2 Be3 67. Rf5 Bd4 68. Rh5# 1-0


[Site "https://www.chess.com"]

[Event "Titled Tuesday Blitz August 31 2021"]
[White "Rustemov, Alexander"]
[Black "Farahat, Ali"]
[WhiteFideId "4119002"]
[BlackFideId "10600507"]
[WhiteElo "2775"]
[BlackElo "2598"]
[Result "0-1"]
[Round "03"]
[TimeControl "180+1"]
[Date "2021.08.31"]
[WhiteClock "0:00:02"]
[BlackClock "0:00:19"]

1. d4 d5 2. c4 c6 3. Nc3 Nf6 4. e3 e6 5. Nf3 Nbd7 6. Qc2 Bd6 7. Bd2 O-O 8. O-O-O b5 9. e4 b4 10. e5 bxc3 11. Bxc3 Ne4 12. exd6 Nxc3 13. Qxc3 dxc4 14. Ne5 Nb6 15. Qa3 Bd7 16. Nxc4 Qg5+ 17. Qe3 Qf6 18. Ne5 Rfd8 19. Bd3 Be8 20. Qg3 Nd5 21. Nc4 c5 22. dxc5 Rac8 23. Kb1 Rxc5 24. Rc1 Rb5 25. Ne5 Rb6 26. Nc4 Rb4 27. Ka1 Nf4 28. Rc3 Rdb8 29. Rhc1 Bb5 30. b3 Bxc4 31. Bxc4 e5 32. Kb1 Qxd6 33. Qe3 g6 34. g3 Ne6 35. Bxe6 Qxe6 36. Kb2 Kg7 37. Rc6 Qf5 38. R1c5 R4b5 39. Rxb5 Rxb5 40. Rc5 Rxc5 41. Qxc5 Qe4 42. Qxa7 Qe2+ 43. Ka3 Qd3 44. Qe3 Qd6+ 45. Kb2 f5 46. a4 f4 47. gxf4 exf4 48. Qc3+ Kh6 49. a5 Qa6 50. b4 Qb5 51. Ka3 g5 52. Qd4 Kh5 53. f3 Kh4 54. Qb6 Qd3+ 55. Ka4 Qd1+ 56. Kb5 Qd3+ 57. Kc5 Qe3+ 58. Kc6 Qxf3+ 59. Kc7 Qc3+ 60. Kb8 f3 61. a6 Qe5+ 62. Ka7 Qe7+ 63. Ka8 Qe8+ 64. Kb7 Qd7+ 65. Kb8 Qe8+ 66. Kc7 Qf7+ 67. Kb8 Qf8+ 68. Ka7 f2 69. Qd4+ Qf4 70. Qxf4+ gxf4 71. b5 f1=Q 72. b6 Qf2 0-1


[Site "https://www.chess.com"]

[Event "Titled Tuesday Blitz August 31 2021"]
[White "Seemann, Jakub"]
[Black "Zwirs, Nico"]
[WhiteFideId "21874697"]
[BlackFideId "1036432"]
[WhiteElo "1805"]
[BlackElo "2365"]
[Result "1-0"]
[Round "03"]
[TimeControl "180+1"]
[Date "2021.08.31"]
[WhiteClock "0:00:11"]
[BlackClock "0:00:02"]

1. Nf3 Nf6 2. b3 g6 3. Bb2 d5 4. g3 c5 5. Bg2 Bg7 6. O-O O-O 7. c4 d4 8. e3 Nc6 9. exd4 cxd4 10. Re1 Re8 11. d3 e5 12. Na3 Bf8 13. Nc2 a5 14. a3 Qc7 15. Qd2 Qb6 16. b4 axb4 17. axb4 Rxa1 18. Bxa1 Nxb4 19. Rb1 Bg4 20. Nxb4 Ra8 21. Qe1 Rxa1 22. Rxa1 Bxb4 23. Qxe5 Kg7 24. h3 Bxf3 25. Bxf3 Bd6 26. Qb5 Qxb5 27. cxb5 b6 28. Rc1 Nd7 29. Rc6 Bb4 30. Bd5 Kf8 31. Rc7 Ne5 32. f4 Nxd3 33. Rxf7+ Ke8 34. Rxh7 Bc5 35. Be4 Nb4 36. Bxg6+ Kd8 37. Kf1 d3 38. Bf5 Ke8 39. Ke1 Be3 40. Bxd3 Nxd3+ 41. Ke2 1-0


[Site "https://www.chess.com"]

[Event "Titled Tuesday Blitz August 31 2021"]
[White "Seo, Jung Min"]
[Black "Ezat, Mohamed"]
[WhiteFideId "1734687"]
[BlackFideId "10600906"]
[WhiteElo "2486"]
[BlackElo "2414"]
[Result "0-1"]
[Round "03"]
[TimeControl "180+1"]
[Date "2021.08.31"]
[WhiteClock "0:00:07"]
[BlackClock "0:00:37"]

1. e4 c6 2. Nf3 d5 3. d3 Bg4 4. h3 Bh5 5. Be2 e6 6. c3 Nd7 7. Nbd2 Bd6 8. d4 Bf4 9. e5 f6 10. exf6 Ngxf6 11. Nb3 Bxc1 12. Rxc1 O-O 13. O-O Ne4 14. Nfd2 Bg6 15. Nxe4 Bxe4 16. Nd2 Bg6 17. Bg4 Qf6 18. Qe2 Rae8 19. f4 Bf5 20. Qe3 Qg6 21. Be2 h5 22. Kh2 h4 23. Kh1 Nf6 24. Rce1 Re7 25. Nf3 Qg3 26. Bd1 Be4 27. Qf2 Nh5 28. Qg1 Rxf4 29. Nh2 Qxe1 0-1


[Site "https://www.chess.com"]

[Event "Titled Tuesday Blitz August 31 2021"]
[White "Seul, Georg"]
[Black "Csonka, Balazs"]
[WhiteFideId "4601653"]
[BlackFideId "742910"]
[WhiteElo "2332"]
[BlackElo "2404"]
[Result "1/2-1/2"]
[Round "03"]
[TimeControl "180+1"]
[Date "2021.08.31"]
[WhiteClock "0:00:03"]
[BlackClock "0:00:04"]

1. e4 c6 2. d4 d5 3. exd5 cxd5 4. Bd3 Nc6 5. c3 Nf6 6. Bf4 Bg4 7. Qb3 Qc8 8. Nd2 e6 9. Ngf3 Be7 10. O-O Bh5 11. Rfe1 O-O 12. a4 a6 13. Ne5 Nxe5 14. Bxe5 Bg6 15. Bf1 Nd7 16. Bg3 Nb8 17. a5 Nc6 18. Qa4 Bd8 19. b4 Na7 20. Bd6 Qxc3 21. Nf3 Qc6 22. Bxf8 Qxa4 23. Rxa4 Kxf8 24. Ne5 Bc7 25. Nd7+ Ke7 26. Nc5 Rb8 27. Raa1 Nc6 28. Rac1 Kd6 29. Nb3 Nxb4 30. Rc5 Bc2 31. Rc1 Bxb3 32. Rxc7 Nc6 33. Rxf7 g5 34. Rxh7 Nxd4 35. Rcc7 Nc6 36. Rxb7 Rxb7 37. Rxb7 Bc4 38. Bxc4 dxc4 39. Kf1 Kc5 40. Ke2 Nxa5 41. Ra7 Kb6 42. Ra8 Nc6 43. h3 a5 44. Kd2 Kc5 45. Kc3 e5 46. g3 e4 47. h4 gxh4 48. gxh4 Ne7 49. h5 Nd5+ 50. Kc2 Nf6 51. Rxa5+ Kd4 52. Rg5 e3 53. fxe3+ Kxe3 54. Rg6 Nxh5 55. Rc6 Nf4 56. Rxc4 Nd5 57. Rc5 Nf4 58. Rc4 Nd5 59. Rc5 Nf4 60. Rc4 1/2-1/2


[Site "https://www.chess.com"]

[Event "Titled Tuesday Blitz August 31 2021"]
[White "Shreyans, K. Shah"]
[Black "Pulpan, Jakub"]
[WhiteFideId "5029074"]
[BlackFideId "302759"]
[WhiteElo "1781"]
[BlackElo "2443"]
[Result "0-1"]
[Round "03"]
[TimeControl "180+1"]
[Date "2021.08.31"]
[WhiteClock "0:00:23"]
[BlackClock "0:00:54"]

1. d4 c6 2. Nf3 d5 3. Bf4 Qb6 4. Qc1 Bf5 5. c3 Nd7 6. e3 h6 7. Nbd2 e6 8. c4 Ngf6 9. Be2 Be7 10. c5 Qd8 11. b4 a6 12. a4 O-O 13. O-O Ne4 14. Nxe4 Bxe4 15. Ne5 Nxe5 16. Bxe5 Bf6 17. Bf4 Re8 18. Qb2 Qe7 19. b5 Qxc5 20. bxa6 bxa6 21. Rac1 Qa5 22. Rxc6 Qxa4 23. Rfc1 g5 24. Bg3 a5 25. Bd6 Be7 26. Bb5 Rab8 27. Bxb8 Rxb8 28. Rc8+ Kg7 29. Rxb8 Qa3 30. Qxa3 Bxa3 31. Ra8 Bxc1 32. Rxa5 Bd2 33. Ra7 Bb4 34. f3 Bg6 35. Kf2 Bd6 36. g4 Bxh2 37. Rd7 h5 38. Be2 h4 39. Kg2 Bb8 40. Kh3 Bg3 41. Bd1 Bf2 42. Rd8 Bxe3 43. Rc8 Bxd4 44. Rb8 Be5 45. Rb3 Bf4 46. Be2 Kf6 47. Bd3 Bxd3 48. Rxd3 Ke5 49. Kg2 f5 50. Rd1 fxg4 51. fxg4 d4 52. Kf3 Kd5 53. Rd3 e5 54. Rd1 e4+ 55. Kf2 d3 0-1


[Site "https://www.chess.com"]

[Event "Titled Tuesday Blitz August 31 2021"]
[White "Siniauski, Artsiom"]
[Black "Samsonkin, Artiom"]
[WhiteFideId "13512269"]
[BlackFideId "13503111"]
[WhiteElo "2515"]
[BlackElo "2756"]
[Result "0-1"]
[Round "03"]
[TimeControl "180+1"]
[Date "2021.08.31"]
[WhiteClock "0:00:17"]
[BlackClock "0:00:11"]

1. e4 c5 2. Nf3 d6 3. Bb5+ Nd7 4. d4 cxd4 5. Qxd4 a6 6. Bxd7+ Bxd7 7. c4 e5 8. Qd3 b5 9. Na3 Qb6 10. O-O h6 11. Be3 Qb7 12. Rfd1 Nf6 13. Nd2 Be7 14. Rac1 O-O 15. b3 Rac8 16. Nab1 b4 17. f3 Nh5 18. Nf1 Nf4 19. Bxf4 exf4 20. Nbd2 a5 21. Qd5 Qb6+ 22. Kh1 Be6 23. Qd3 Kh8 24. g3 f5 25. Kg2 Bg5 26. c5 Rxc5 27. Rxc5 Qxc5 28. Nc4 fxe4 29. Qxe4 Re8 30. Qg6 Re7 31. Nxd6 fxg3 32. hxg3 Bg8 33. Qd3 Bh7 34. Qc4 Qxc4 35. Nxc4 Re2+ 36. Kh3 Rxa2 37. Rd8+ Bg8 38. Nfe3 Bxd8 39. Nd6 Be6+ 40. g4 a4 41. bxa4 b3 42. Nd1 Rd2 0-1


[Site "https://www.chess.com"]

[Event "Titled Tuesday Blitz August 31 2021"]
[White "Siva Mahadevan"]
[Black "Suarez Uriel, Adrian"]
[WhiteFideId "25043153"]
[BlackFideId "22230874"]
[WhiteElo "2203"]
[BlackElo "2300"]
[Result "0-1"]
[Round "03"]
[TimeControl "180+1"]
[Date "2021.08.31"]
[WhiteClock "0:00:11"]
[BlackClock "0:00:51"]

1. e4 c5 2. Nf3 Nc6 3. Nc3 g6 4. d4 cxd4 5. Nxd4 Bg7 6. Be3 Nf6 7. Bc4 O-O 8. Bb3 Re8 9. O-O d6 10. h3 Na5 11. f4 b6 12. Ba4 Bd7 13. Bxd7 Qxd7 14. Qd3 Rac8 15. Rad1 Nc4 16. Bc1 Qb7 17. b3 Na5 18. Bb2 Nc6 19. Nf3 Nb4 20. Qe2 Nxe4 21. Nxe4 Bxb2 22. c4 Bg7 23. f5 d5 24. Neg5 e6 25. fxe6 fxe6 26. Nxe6 dxc4 27. bxc4 Qe7 28. Nfg5 Qxg5 29. Rd7 Re7 30. Rf7 Rxd7 31. Nxg5 Rxf7 32. Qe6 Rf8 33. Nxf7 Rxf7 34. Qe8+ Bf8 35. Kh2 Nd3 36. a4 Nc5 37. h4 h5 38. Kh3 Nd7 39. Qe6 Kg7 40. g4 hxg4+ 41. Qxg4 Nf6 42. Qd4 Bc5 43. Qe5 Re7 44. Qg5 Re3+ 45. Kg2 Re4 46. a5 Rg4+ 0-1


[Site "https://www.chess.com"]

[Event "Titled Tuesday Blitz August 31 2021"]
[White "Sjugirov, Sanan"]
[Black "Polivanov, Anatoliy"]
[WhiteFideId "4189302"]
[BlackFideId "14109468"]
[WhiteElo "2472"]
[BlackElo "2472"]
[Result "1-0"]
[Round "03"]
[TimeControl "180+1"]
[Date "2021.08.31"]
[WhiteClock "0:00:45"]
[BlackClock "0:00:03"]

1. e4 c5 2. Nf3 g6 3. d4 cxd4 4. Nxd4 Bg7 5. c4 Nc6 6. Be3 d6 7. Nc3 Qb6 8. Ndb5 Bxc3+ 9. Nxc3 Qxb2 10. Bd2 Kf8 11. Be2 Be6 12. O-O Nd4 13. Bd3 Rc8 14. Rb1 Qa3 15. Rxb7 Bxc4 16. Bxc4 Rxc4 17. Nd5 Qxa2 18. Be3 e5 19. f4 Ne2+ 20. Kh1 exf4 21. Nxf4 Nxf4 22. Bxf4 Nf6 23. Qxd6+ Kg7 24. Be5 1-0


[Site "https://www.chess.com"]

[Event "Titled Tuesday Blitz August 31 2021"]
[White "Skliarov, Viktor"]
[Black "Bortnyk, Olexandr"]
[WhiteFideId "14106736"]
[BlackFideId "14120828"]
[WhiteElo "2281"]
[BlackElo "2723"]
[Result "1/2-1/2"]
[Round "03"]
[TimeControl "180+1"]
[Date "2021.08.31"]
[WhiteClock "0:00:04"]
[BlackClock "0:00:07"]

1. e4 Nf6 2. Nc3 d5 3. exd5 Nxd5 4. Bc4 Nb6 5. Bb3 Nc6 6. Nf3 Bf5 7. d4 e6 8. O-O Be7 9. a4 a5 10. d5 exd5 11. Nxd5 Nxd5 12. Bxd5 O-O 13. Bxc6 bxc6 14. Qxd8 Rfxd8 15. c3 Rab8 16. Re1 Bf6 17. h3 h6 18. Bf4 Rxb2 19. Bxc7 Rd5 20. Be5 Bxe5 21. Rxe5 Be6 22. c4 Rxe5 23. Nxe5 c5 24. Nd3 Rd2 25. Nxc5 Bxc4 26. Nb7 Rd5 27. Rc1 Bb3 28. Rc5 Rd1+ 29. Kh2 Bxa4 30. Nxa5 Rd2 31. Kg3 Bd7 32. Rc3 h5 33. Nb3 Rb2 34. Nc5 Bf5 35. Nd3 Rd2 36. Ne5 Ra2 37. Nf3 f6 38. h4 Kh7 39. Rc5 Kg6 40. Nd4 Ra3+ 41. f3 Bd3 42. Ne6 Bf1 43. Nf4+ Kf7 44. Nxh5 Ra7 45. Nf4 Rd7 46. Kf2 Ba6 47. g4 Rb7 48. Kg3 Rd7 49. Rd5 Rc7 50. Ra5 Bc4 51. h5 Rb7 52. Rc5 Bb3 53. Ng6 Bd1 54. Nf4 Rb3 55. Rc7+ Kg8 56. Ne6 Rxf3+ 57. Kh4 Re3 58. Rxg7+ Kh8 59. Re7 Re5 60. Re8+ Kh7 61. Nf8+ Kg7 62. Rxe5 fxe5 63. Nd7 e4 64. Kg3 e3 65. Nc5 Kf6 66. Ne4+ Kg7 67. Nc3 e2 68. Kf2 e1=Q+ 69. Kxe1 Bxg4 70. h6+ Kxh6 1/2-1/2


[Site "https://www.chess.com"]

[Event "Titled Tuesday Blitz August 31 2021"]
[White "Srihari L R"]
[Black "Yordanov, Nikolay Plamenov"]
[WhiteFideId "46617116"]
[BlackFideId "2907445"]
[WhiteElo "2121"]
[BlackElo "2248"]
[Result "0-1"]
[Round "03"]
[TimeControl "180+1"]
[Date "2021.08.31"]
[WhiteClock "0:00:04"]
[BlackClock "0:00:15"]

1. c4 Nf6 2. Nc3 g6 3. g3 Bg7 4. Bg2 O-O 5. e3 d6 6. Nge2 c5 7. O-O Nc6 8. d4 cxd4 9. Nxd4 Bd7 10. b3 Nxd4 11. Qxd4 Bc6 12. Bb2 Bxg2 13. Kxg2 Qd7 14. Rfd1 Qc6+ 15. Kg1 h5 16. Nd5 Rfe8 17. Rac1 b6 18. h3 Rac8 19. Kh2 Ng4+ 20. hxg4 Bxd4 21. Bxd4 hxg4 22. Rh1 f6 23. e4 Kg7 24. Kg2 Qd7 25. Rcd1 Rh8 26. Bc3 Rxh1 27. Rxh1 Rh8 28. Nxf6 exf6 29. Bxf6+ Kxf6 30. Rxh8 Qe7 31. f3 gxf3+ 32. Kxf3 Qf7 33. Rh2 Ke5+ 34. Ke3 Qf1 35. Re2 Qb1 36. g4 Qg1+ 37. Kf3 Qh1+ 38. Kg3 g5 39. Rg2 Qe1+ 40. Rf2 Kxe4 41. Kg2 Qd1 42. Kg3 Qg1+ 43. Rg2 Qe1+ 44. Kh2 Kf3 45. a3 Qh4+ 46. Kg1 Qe1+ 47. Kh2 a6 48. b4 a5 49. bxa5 bxa5 50. a4 Qc1 51. Rg3+ Kf4 52. Rg2 Qxc4 53. Rf2+ Ke5 54. Rf5+ Ke6 55. Kg3 Qd3+ 56. Rf3 Qe4 57. Rf5 Qxa4 58. Rxg5 Qb3+ 59. Kh4 a4 60. Rg6+ Ke7 61. g5 a3 62. Rg7+ Kf8 63. Ra7 Qb4+ 64. Kh5 Qc5 65. Ra8+ Kf7 66. Kh6 Qc3 67. g6+ Kf6 68. Rf8+ Ke7 69. g7 Qh3+ 70. Kg6 Qg4+ 71. Kh6 Qh4+ 72. Kg6 Qe4+ 73. Kh6 Qe6+ 74. Kh7 a2 75. g8=Q Qxg8+ 76. Rxg8 a1=Q 77. Rg6 Qe5 78. Kh6 Qe6 79. Kg5 Qxg6+ 80. Kxg6 Ke6 81. Kh5 Ke5 82. Kh4 Ke4 83. Kh3 Ke3 84. Kg4 d5 85. Kf5 d4 0-1


[Site "https://www.chess.com"]

[Event "Titled Tuesday Blitz August 31 2021"]
[White "Starozhilov, Leonid"]
[Black "Ovchinnikov, Vsevolod"]
[WhiteFideId "14106752"]
[BlackFideId "24176842"]
[WhiteElo "2747"]
[BlackElo "2500"]
[Result "1-0"]
[Round "03"]
[TimeControl "180+1"]
[Date "2021.08.31"]
[WhiteClock "0:00:06"]
[BlackClock "0:00:06"]

1. c4 Nf6 2. Nf3 g6 3. g3 d5 4. cxd5 Nxd5 5. Nc3 Nb6 6. h4 Bg7 7. h5 Nc6 8. d3 Bg4 9. h6 Bxc3+ 10. bxc3 Bxf3 11. exf3 Qd7 12. Be3 O-O-O 13. Be2 Nd5 14. Bd2 Rhe8 15. Kf1 f5 16. Rb1 Nb6 17. Kg2 Qd5 18. a4 a6 19. Qc2 e5 20. Bg5 Rd7 21. Rhd1 Qa5 22. Ra1 Nd8 23. Rdb1 Ne6 24. Bd2 Na8 25. Rb4 c6 26. Rab1 Ree7 27. Be3 Qd8 28. Qb3 a5 29. Rc4 Rd5 30. Bf1 g5 31. Kg1 f4 32. Bh3 Qc7 33. Bc1 Kb8 34. Qc2 Re8 35. Re4 Nb6 36. Qb2 Nd7 37. Qc2 Ndc5 38. Bf5 Nxe4 39. Bxe4 Rd6 40. Ba3 Rd7 41. Qb2 Nd8 42. g4 Rf7 43. Kg2 Re6 44. Bc5 Rxh6 45. Bb6 Qc8 46. Bxa5 Rd6 47. Qb6 Rfd7 48. Bb4 Rxd3 49. Bc5 R7d5 50. Qa7+ Kc7 51. Bf5 Rd7 52. Bb6+ Kd6 53. Bc5+ Kc7 54. a5 Rxc3 55. Qb6+ Kb8 56. a6 Rxc5 57. Qxc5 Ka8 58. axb7+ Nxb7 59. Ra1+ Kb8 60. Qxe5+ Qc7 61. Qh8+ Rd8 62. Qc3 c5 63. Qa3 Qb6 64. Be4 Kc7 65. Rb1 Qxb1 66. Bxb1 Rd4 67. Be4 Rb4 68. Qc3 h6 69. Qg7+ Kb8 70. Qxh6 c4 71. Qxg5 c3 72. Qxf4+ Ka7 73. Qe3+ Rb6 74. Qxc3 Nd6 75. Qc7+ Ka6 76. Qc2 Nxe4 77. Qxe4 Kb5 78. g5 Kc5 79. g6 Rxg6+ 80. Qxg6 1-0


[Site "https://www.chess.com"]

[Event "Titled Tuesday Blitz August 31 2021"]
[White "Stribuk, Artiom"]
[Black "Sihite, Chelsie Monica Ignesias"]
[WhiteFideId "13515659"]
[BlackFideId "7101198"]
[WhiteElo "2224"]
[BlackElo "2224"]
[Result "1-0"]
[Round "03"]
[TimeControl "180+1"]
[Date "2021.08.31"]
[WhiteClock "0:00:29"]
[BlackClock "0:00:14"]

1. d4 Nf6 2. c4 g6 3. Nf3 Bg7 4. g3 O-O 5. Bg2 d6 6. O-O Nc6 7. Nc3 e5 8. d5 Ne7 9. e4 a6 10. a4 Nd7 11. Ne1 a5 12. Nd3 b6 13. f4 Nc5 14. Nxc5 bxc5 15. Qd3 f5 16. fxe5 Bxe5 17. Bh6 Rf7 18. Kh1 Kh8 19. Rae1 Ng8 20. Bc1 Bd7 21. b3 Qf6 22. exf5 gxf5 23. Ne2 Qg7 24. Nf4 Nh6 25. Ne6 Qg6 26. Rxe5 Ng4 27. Ree1 Re8 28. Bb2+ Kg8 29. Qc3 Rf6 30. h3 Ne5 31. Rxe5 dxe5 32. Qxe5 Kf7 33. Qxf6+ Qxf6 34. Bxf6 Kxf6 35. Nxc5 Bc8 36. g4 Kg5 37. gxf5 Bxf5 38. h4+ Kg4 39. Ne6 Bxe6 40. dxe6 Rxe6 41. Rf7 h6 42. Rxc7 Kg3 43. Rg7+ Kxh4 44. Kh2 Rb6 45. Rg3 h5 46. c5 Rg6 47. Rh3+ Kg4 48. c6 Rg7 49. Rc3 Rc7 50. Rc4+ Kf5 51. Rc5+ Kf4 52. Rxa5 h4 53. Rc5 Ke3 54. a5 Kd4 55. b4 1-0


[Site "https://www.chess.com"]

[Event "Titled Tuesday Blitz August 31 2021"]
[White "Svane, Frederik"]
[Black "Dong, Bao Nghia"]
[WhiteFideId "12923044"]
[BlackFideId "12400343"]
[WhiteElo "2459"]
[BlackElo "2409"]
[Result "1-0"]
[Round "03"]
[TimeControl "180+1"]
[Date "2021.08.31"]
[WhiteClock "0:00:08"]
[BlackClock "0:00:42"]

1. e4 e6 2. d4 d5 3. Nd2 Nc6 4. Ngf3 Nf6 5. e5 Nd7 6. Bd3 Nb4 7. Be2 c5 8. c3 Nc6 9. O-O f6 10. exf6 Qxf6 11. Nb3 Bd6 12. Bg5 Qf7 13. dxc5 Nxc5 14. Nxc5 Bxc5 15. Bb5 O-O 16. Qe2 Qh5 17. Be3 Bd6 18. h3 e5 19. Rad1 e4 20. Ng5 Qxe2 21. Bxe2 Ne7 22. Nxe4 dxe4 23. Rxd6 Nf5 24. Bc4+ Kh8 25. Rdd1 a6 26. Bc5 Re8 27. Bf7 Be6 28. Bxe8 Rxe8 29. Rfe1 Bxa2 30. Rd7 b5 31. Ra1 Bc4 32. Rxa6 h5 33. Raa7 Re6 34. Rf7 Re5 35. Bd4 Nxd4 36. cxd4 Rg5 37. Rfe7 Bd3 38. Re5 Rg6 39. Rxh5+ Kg8 40. Rf5 Rd6 41. Ra8+ Kh7 42. d5 e3 43. Re5 e2 44. Rae8 Bc4 45. f3 Ra6 46. Kf2 Ra1 47. Rxe2 Bxd5 48. R8e5 Rd1 49. Ke3 Bc4 50. Rd2 Re1+ 51. Kf4 Ra1 52. g4 Kg6 53. h4 Ra7 54. h5+ Kf7 55. Rf5+ Kg8 56. Re5 Kh7 57. Kg3 Ra1 58. Re4 Rg1+ 59. Kf4 Rb1 60. Re7 1-0


[Site "https://www.chess.com"]